 Dungeon Crawl Stone Soup version 0.23.0-33-g5e6c059 (webtiles) character file.

Game seed: 2985700664310685007

9157 Kairos the Cleaver (level 11, 0/56 HPs)
             Began as a Vine Stalker Fighter on Feb 26, 2019.
             Was an Elder of Okawaru.
             Slain by a skeletal warrior
             ... wielding a +0 scimitar
              (7 damage)
             ... on level 10 of the Dungeon.
             The game lasted 00:18:47 (9024 turns).

Kairos the Cleaver (Vine Stalker Fighter)           Turns: 9024, Time: 00:18:48

Health: 0/56       AC: 15    Str: 22    XL:     11   Next: 42%
Magic:  0/12       EV: 12    Int:  8    God:    Okawaru [****..]
Gold:   783        SH: 13    Dex: 17    Spells: 10/10 levels left

rFire    x . .     SeeInvis .   i - +1 hand axe (elec)
rCold    . . .     Gourm    .   c - +0 shield
rNeg     + + .     Faith    .   h - +2 chain mail
rPois    +         Spirit   +   (no helmet)
rElec    .         Reflect  .   J - +0 cloak of Insecurity {rF- rN++ Dex+3} (curse)
rCorr    .         Harm     .   (no gloves)
MR       ++...                  (no boots)
Stlth    +.........             x - amulet of magic regeneration
HPRegen  0.58/turn              e - ring of poison resistance
MPRegen  0.38/turn              t - ring of protection from magic

@: heroism
A: fangs 3, regeneration 1, magic shield, antimagic bite, no potion heal 3, rot
immunity
a: Heroism, Renounce Religion


You were on level 10 of the Dungeon.
You worshipped Okawaru.
Okawaru was greatly pleased with you.
You were hungry.

You visited 2 branches of the dungeon, and saw 12 of its levels.
You also visited: Ossuary.

You collected 783 gold pieces.

Inventory:

Hand Weapons
 a - a +0 war axe
 i - a +1 hand axe of electrocution (weapon)
 I - a +0 flail of protection
Missiles
 w - 8 tomahawks (quivered)
 G - 3 throwing nets
Armour
 b - a +0 scale mail
 c - a +0 shield (worn)
 h - a +2 chain mail (worn)
 J - the cursed +0 cloak of Insecurity (worn) {rF- rN++ Dex+3}
   (You found it on level 8 of the Dungeon)

   It affects your dexterity (+3).
   It makes you vulnerable to fire.
   It greatly protects you from negative energy.
   It has a curse placed upon it.
Jewellery
 e - a ring of poison resistance (left hand)
 t - a ring of protection from magic (right hand)
 x - an amulet of magic regeneration (around neck)
Wands
 k - a wand of scattershot (3)
 B - a wand of random effects (22)
 E - a wand of acid (17)
 F - a wand of clouds (1)
 K - a wand of flame (12)
 M - a wand of digging (4)
Scrolls
 j - a scroll of blinking
 l - 2 scrolls of amnesia
 o - a scroll of enchant armour
 s - 2 scrolls of identify
 y - 6 scrolls of teleportation
 H - 2 scrolls of remove curse
 N - a scroll of noise {unknown}
 O - 2 scrolls of magic mapping
Potions
 d - 2 potions of might
 g - 2 potions of haste
 m - a potion of invisibility
 n - 3 potions of brilliance
 p - a potion of agility
 q - 2 potions of lignification {unknown}
 r - 4 potions of mutation {unknown}
 u - 2 potions of resistance {unknown}
 v - a potion of flight {unknown}
 z - 3 potions of berserk rage {unknown}
 A - a potion of curing {unknown}
 C - 2 potions of cancellation {unknown}
 D - a potion of ambrosia {unknown}
Comestibles
 f - 22 rations


   Skills:
 + Level 5.2(10.2) Fighting
 * Level 11.2(16.2) Axes
 + Level 7.0(12.0) Armour
 + Level 2.0(7.0) Dodging
 + Level 3.0(8.0) Stealth
 + Level 7.5(12.5) Shields
 + Level 0.9 Invocations
 + Level 1.0 Evocations


You had 10 spell levels left.
You didn't know any spells.
Your spell library contained the following spells:

 Spells                   Type           Power        Failure   Level  Hunger
 Corona                   Hex            #......      97%         1    ##.....
 Ensorcelled Hibernation  Hex/Ice        #.....       99%         2    ###....
 Confuse                  Hex            #.......     100%        3    ####...
 Dazzling Spray           Conj/Hex       #.....       100%        3    ####...
 Tukima's Dance           Hex            #.......     100%        3    ####...


Dungeon Overview and Level Annotations

Branches:
Dungeon (11/15)            Temple (1/1) D:4            Lair (0/6) D:11
    Orc: D:9-12

Altars:
Ashenzari
Cheibriados
Dithmenos
Elyvilon
Fedhas
Gozag
Hepliaklqana
Kikubaaqudgha
Makhleb
Nemelex Xobeh
Okawaru
Qazlal
Ru
Sif Muna
Trog
Uskayaw
Vehumet
Wu Jian
Xom
Yredelemnul
Zin
The Shining One

Portals:
Trove: D:10 (show abyssal rune of Zot)


Innate Abilities, Weirdness & Mutations

You have razor-sharp teeth.
Your natural rate of healing is unusually fast.
When hurt, damage is shared between your health and your magic reserves.
Your bite disrupts and absorbs the magic of your enemies.
Potions cannot restore your health.
You are immune to rotting.


Message History

You are too injured to fight recklessly!
You are too injured to fight recklessly!
You are too injured to fight recklessly!
You hit the skeletal warrior but do no damage.
Your bite misses the skeletal warrior.
The skeletal warrior is heavily damaged.
You hit the skeletal warrior but do no damage.
You bite the skeletal warrior, but do no damage.
The skeletal warrior is heavily damaged.
The skeletal warrior hits you with a +0 scimitar!
* * * LOW HITPOINT WARNING * * *
Aiming: Scattershot
Press: ? - help, Shift-Dir - straight line, f - skeletal warrior
Aim: a skeletal warrior, wielding a +0 scimitar (heavily damaged)
The burst of metal fragments hits the skeletal warrior but does no damage. x2
The burst of metal fragments hits the skeletal warrior.
The burst of metal fragments hits the skeletal warrior but does no damage. x2
The skeletal warrior is heavily damaged.
The skeletal warrior hits you with a +0 scimitar!
You die...

.....)######.......##.# #.#
...........#.......##.# #.#
.##........#.......##.#####.#
..'........#..............#.#
.##........#######.##.#####.#
.##.............##....#####.#####
.##.............##.##.......<....
.###......#....†##.##.#####.###.#
..........'.....@#.##.# #.# #.#
####......#....z.#.##.# #.# #.#
#........###....#### #.# #.#
##########..# #.##.# #.# #.#
...### #..###.##.########.###.#
##...### ##......................
#..#...####........#...########.#
#.####...###)##.##.....# #.#
..#..###..(..##.##.#...## #.#


You could see a skeletal warrior.

Vanquished Creatures
  Harold (D:8)
  Erica (D:8)
  A cyclops (D:9)
  A gargoyle (D:10)
  A queen bee (D:9)
  A troll (D:10)
  Prince Ribbit (D:8)
  A hornet (D:10)
  Sigmund (D:2)
  A wyvern (D:8)
  3 yaks (D:7)
  2 wargs (D:11)
  A water moccasin (D:11)
  3 orc warriors
  A necrophage (D:8)
  A sky beast (D:10)
  8 ogres
  An ice beast (D:8)
  An eye of draining (D:11)
  2 phantoms
  3 centaurs
  3 big kobolds
  6 bullfrogs
  An elf zombie (Ossuary)
  A scorpion (D:8)
  25 killer bees
  A wight (D:10)
  3 howler monkeys (D:7)
  6 crimson imps
  6 jellies
  2 bullfrog zombies
  4 hounds
  A centaur skeleton (D:6)
  4 orc priests
  8 orc wizards
  An iguana (D:7)
  8 worker ants
  3 big kobold zombies (Ossuary)
  2 mummies (Ossuary)
  7 gnolls
  A howler monkey skeleton (D:8)
  4 adders
  3 shadow imps
  9 oozes
  2 adder zombies
  An adder skeleton (D:6)
  4 worms (D:2)
  2 dart slugs
  5 leopard geckos
  23 orcs
  2 ball pythons
  7 bats
  3 giant cockroaches
  7 goblins
  13 hobgoblins
  5 jackals
  2 quokkas
  6 frilled lizards
  3 gnoll zombies (Ossuary)
  2 goblin zombies (Ossuary)
  4 hobgoblin zombies (Ossuary)
  31 kobolds
  A leopard gecko zombie (D:6)
  An orc zombie (Ossuary)
  6 rats
275 creatures vanquished.

Notes
Turn   | Place    | Note
-------+----------+-------------------------------------------
     0 | D:1      | Kairos the Vine Stalker Fighter began the quest for the
                  | Orb.
     0 | D:1      | Reached XP level 1. HP: 11/11 MP: 2/2
   114 | D:1      | Reached skill level 2 in Axes
   117 | D:1      | Reached XP level 2. HP: 15/16 MP: 3/3
   383 | D:1      | Reached XP level 3. HP: 17/19 MP: 4/4
   750 | D:2      | Found a hazy altar of Hepliaklqana.
  1030 | D:2      | Gained mutation: Your natural rate of healing is unusually
                  | fast. [Vine Stalker growth]
  1030 | D:2      | Reached XP level 4. HP: 22/23 MP: 5/5
  1053 | D:2      | Noticed Sigmund
  1065 | D:2      | Killed Sigmund
  1065 | D:2      | Reached skill level 3 in Axes
  1065 | D:2      | Reached XP level 5. HP: 21/28 MP: 6/6
  1065 | D:2      | Reached XP level 6. HP: 24/32 MP: 7/7
  1117 | D:2      | Found a white marble altar of Elyvilon.
  1154 | D:2      | Found a sacrificial altar of Ru.
  1178 | D:2      | Reached skill level 4 in Axes
  1509 | D:3      | Found a deep blue altar of Sif Muna.
  1590 | D:3      | Found a shadowy altar of Dithmenos.
  2250 | D:4      | Reached XP level 7. HP: 36/36 MP: 8/8
  2412 | D:4      | Found a faded altar of an unknown god.
  2415 | D:4      | Found a staircase to the Ecumenical Temple.
  2486 | D:4      | Found a snail-covered altar of Cheibriados.
  2618 | Temple   | Entered the Ecumenical Temple
  2878 | D:5      | Entered Level 5 of the Dungeon
  2887 | D:5      | Reached skill level 1 in Stealth
  2965 | D:5      | Reached skill level 5 in Axes
  2965 | D:5      | HP: 1/36 [orc/tomahawk (5)]
  3191 | D:5      | Found an iron altar of Okawaru.
  3211 | D:5      | Became a worshipper of Warmaster Okawaru
  3307 | D:5      | Gained mutation: You have razor-sharp teeth. [Vine Stalker
                  | growth]
  3307 | D:5      | Reached XP level 8. HP: 25/40 MP: 6/9
  3508 | D:6      | Reached skill level 5 in Shields
  3854 | D:6      | Reached * piety under Okawaru
  4224 | D:7      | Reached skill level 5 in Armour
  4304 | D:7      | Reached skill level 6 in Axes
  4319 | D:7      | Noticed a yak
  4319 | D:7      | Noticed a yak
  4320 | D:7      | Noticed a yak
  4326 | D:7      | Killed a yak
  4330 | D:7      | Killed a yak
  4330 | D:7      | Reached ** piety under Okawaru
  4330 | D:7      | Reached skill level 1 in Dodging
  4330 | D:7      | Reached XP level 9. HP: 28/45 MP: 10/10
  5198 | D:7      | Reached skill level 7 in Axes
  5329 | D:8      | Found a sand-covered staircase.
  5336 | Ossuary  | Entered an ossuary
  5842 | D:8      | Reached *** piety under Okawaru
  5849 | D:8      | Noticed Harold
  5866 | D:8      | Noticed Prince Ribbit
  5881 | D:8      | HP: 2/46 [Prince Ribbit (7)]
  5884 | D:8      | Killed Prince Ribbit
  5893 | D:8      | Killed Harold
  5893 | D:8      | Reached skill level 8 in Axes
  5893 | D:8      | Reached skill level 1 in Evocations
  5893 | D:8      | Reached XP level 10. HP: 4/51 MP: 2/11
  5993 | D:8      | Noticed Erica
  6110 | D:8      | Killed Erica
  6110 | D:8      | Reached skill level 9 in Axes
  6488 | D:8      | Got an ancient cloak
  6494 | D:8      | Identified the cursed +0 cloak of Insecurity {rF- rN++
                  | Dex+3} (You found it on level 8 of the Dungeon)
  6502 | D:8      | Got a brightly glowing glaive
  6508 | D:8      | Identified the +6 glaive of the Sky {chop, rF+} (You found
                  | it on level 8 of the Dungeon)
  6895 | D:9      | Reached **** piety under Okawaru
  6982 | D:9      | Noticed a cyclops
  7155 | D:9      | Killed a cyclops
  7155 | D:9      | Reached skill level 5 in Fighting
  7369 | D:9      | Found a glowing silver altar of Zin.
  7452 | D:9      | Reached skill level 10 in Axes
  7780 | D:10     | Entered Level 10 of the Dungeon
  7791 | D:10     | Reached XP level 11. HP: 47/55 MP: 10/12
  8229 | D:10     | Found a portal to a secret trove of treasure.
  8762 | D:11     | Reached skill level 11 in Axes
  8805 | D:11     | Found a staircase to the Lair.
  8848 | D:11     | Noticed a skeletal warrior
  8848 | D:11     | Noticed a skeletal warrior
  8851 | D:11     | Noticed a skeletal warrior
  9024 | D:10     | Slain by a skeletal warrior

Skill      XL: |  1  2  3  4  5  6  7  8  9 10 11 |
---------------+----------------------------------+-----
Axes           | 2 3 4 5 6 8 10 11 | 11.2
Shields        | 3 4 5 6 7 |  7.5
Fighting       | 3 4 5 |  5.2
Armour         | 3 4 5 6 7 |  7.0
Stealth        | 1 2 3 |  3.0
Dodging        | 1 2 |  2.0
Evocations     | 1 |  1.0
Invocations    | |  0.9

Action                   |  1- 3 |  4- 6 |  7- 9 | 10-12 || total
-------------------------+-------+-------+-------+-------++-------
Melee: War axe           |    70 |       |       |       ||    70
       Bite              |    22 |    37 |   103 |   108 ||   270
       Hand axe          |    30 |   102 |   264 |   327 ||   723
Invok: Heroism           |       |       |     1 |     6 ||     7
Evoke: Wand              |       |       |     3 |     2 ||     5
  Use: Scroll            |     1 |     1 |    13 |       ||    15
 Stab: Confused          |       |       |     2 |       ||     2
  Eat: Chunk             |       |     4 |     8 |       ||    12
       Ration            |       |       |     2 |     2 ||     4
Armor: Scale mail        |    17 |       |       |       ||    17
       Chain mail        |    29 |    46 |    79 |   142 ||   296
Dodge: Dodged            |    25 |    13 |    53 |    81 ||   172
Block: Shield            |    50 |    37 |   111 |   165 ||   363
